 Dungeon Crawl Stone Soup version 0.29-a0-409-gd843f3a48c (webtiles) character file.

Game seed: 4703911474132482827

1502 trckry the Summoner (level 8, -1/41 HPs)
             Began as a Tengu Summoner on May 13, 2022.
             Killed from afar by Ijyb (42 damage)
             ... with a bolt of acid
             ... on level 5 of the Dungeon.
             The game lasted 00:18:47 (6509 turns).

trckry the Summoner (Tengu Summoner)                Turns: 6509, Time: 00:18:48

Health: -1/41      AC:  2    Str:  8    XL:     8   Next: 82%
Magic:  26/26      EV: 15    Int: 17    God:
Gold:   232        SH:  0    Dex: 16    Spells: 8/18 levels left

rFire   . . .      SeeInvis .   j - +0 rapier
rCold   . . .      Faith    .   (no shield)
rNeg    . . .      Spirit   .   a - +0 robe
rPois   .          Reflect  .   (helmet restricted)
rElec   .          Harm     .   (no cloak)
rCorr   .          Rampage  .   (no gloves)
Will    .....                   (boots unavailable)
Stlth   ++........              (no amulet)
HPRegen 0.13/turn               s - ring of magical power
MPRegen 0.20/turn               (no ring)

@: flying quickly and evasively, quick
A: beak, talons 3, nimble flight
a: no special abilities


You were on level 5 of the Dungeon.
You visited 1 branch of the dungeon, and saw 5 of its levels.

You collected 232 gold pieces.

Inventory:

Hand Weapons
 j - a +0 rapier (weapon)
Missiles
 g - 5 silver javelins (quivered)
 t - a throwing net
Armour
 a - a +0 robe (worn)
Jewellery
 i - a ring of ice
 s - a ring of magical power (left hand)
Scrolls
 d - 6 scrolls of identify {unknown}
 f - 2 scrolls of fog {unknown}
 h - a scroll of amnesia {unknown}
 k - a scroll of poison {unknown}
 n - a scroll of fear {unknown}
 o - a scroll of magic mapping {unknown}
 p - a scroll of vulnerability {unknown}
Potions
 b - 4 potions of magic
 c - a potion of brilliance {unknown}
 e - a potion of curing {unknown}
 l - a potion of lignification {unknown}
 m - a potion of cancellation {unknown}
 q - a potion of might {unknown}
 r - a potion of flight {unknown}


   Skills:
 - Level 2.1 Dodging
 - Level 2.0 Stealth
 + Level 5.6 Spellcasting
 * Level 11.0 Summonings
 + Level 4.0 Air Magic


You had 8 spell levels left.
You knew the following spells:

 Your Spells              Type           Power      Damage    Failure   Level
a - Summon Small Mammal   Summ           100%       N/A       1%          1
b - Call Imp              Summ           42%        N/A       1%          2
c - Call Canine Familiar  Summ           42%        N/A       1%          3
d - Summon Lightning Spi  Summ/Air       30%        N/A       6%          4

Your spell library contained the following spells:

 Spells                   Type           Power      Damage    Failure   Level
 Summon Guardian Golem    Hex/Summ       23%        N/A       4%          3
 Gell's Gravitas          Tloc           4%         N/A       36%         3
 Teleport Other           Tloc           4%         N/A       36%         3
 Blade Hands              Tmut           2%         N/A       98%         5
 Fireball                 Conj/Fire      2%         3d4       98%         5
 Irradiate                Conj/Tmut      2%         3d14      98%         5
 Dispersal                Tloc           2%         N/A       100%        6
 Starburst                Conj/Fire      2%         6d3       100%        6
 Dragon Form              Tmut           2%         N/A       100%        7
 Ignition                 Fire           2%         3d3       100%        8


Dungeon Overview and Level Annotations

Branches:
Dungeon (5/15)
 Temple: D:4-7

Altars:
Okawaru
Uskayaw

Annotations:
D:5 Ijyb, Pikel


Innate Abilities, Weirdness & Mutations

You have a beak for a mouth.
You have claws for feet.
Your magical nature lets you fly swiftly and evasively.


Message History

Your lightning spire shoots out a bolt of lightning at Grinder!
The bolt of electricity hits Grinder!
Grinder dies!
Your Summonings skill increases to level 11!
Your Air Magic skill increases to level 4!
Your lightning spire disappears in a puff of smoke!
Your crimson imp blinks!
You swap places.
Your crimson imp blinks!
Ijyb the Twisted Goblin comes into view.
She is wielding a +0 dagger and carrying a wand of acid (7).
MP restored: 26 You swap places.
You swap places.
What are your orders? t - Shout!
Orders for allies: a - Attack new target. r - Retreat! s - Stop attacking. g - Guard the area. f - Follow me.
Anything else - Cancel.
Gang up on whom?
Press: ? - help, Dir - move target, f - Ijyb
Aim: Ijyb, wielding a +0 dagger, wearing a +0 ring mail and carrying a wand of acid (7) (asleep, ally target) Attack!
Ijyb shouts!
You hear an angry hiss.
Your hound misses Ijyb. Ijyb hits your hound with a +0 dagger.
Your hound bites Ijyb but does no damage.
Ijyb zaps a wand.
The bolt of acid misses your hound. The bolt of acid misses you.
Your hound bites Ijyb.
Your hound bites Ijyb but does no damage.
Ijyb hits your hound with a +0 dagger.
Your hound bites Ijyb.
An adder comes into view.
Your crimson imp blinks!
Ijyb zaps a wand.
The bolt of acid hits your hound!!
Your hound dies!
Your hound's corpse disappears in a puff of smoke!
The bolt of acid hits you!!!
Ouch! That really hurt!
You die...

#..............
#.############# #.# #...
#5# #h#. #######.# #.#.
#..5....# #.#. #.#######
#.#. #.######### #.#.
#.##@§§g..# #.#.
#.##.####.# #.#.
#######.##.####.########.#.
......5...5S...............
###############.#######....
##### ##### .....


You could see an adder and a friendly crimson imp (summoned).

Vanquished Creatures
  A bullfrog (D:5)
  A scorpion (D:4)
  A hound (D:4)
  An orc priest (D:3)
  A gnoll (D:4)
  3 adders
  3 dart slugs
  2 orcs
  An endoplasm (D:1)
  3 giant cockroaches (D:2)
  6 goblins
  2 hobgoblins
  7 jackals
  A quokka (D:1)
  4 ball pythons
  3 bats (D:3)
  2 frilled lizards
  4 kobolds
  6 rats
52 creatures vanquished.

Vanquished Creatures (collateral kills)
  Prince Ribbit (D:5)
  Grinder (D:5)
  Sigmund (D:3)
  A black bear (D:4)
  An ogre (D:5)
  A lemure (D:5)
  A bullfrog (D:5)
  2 necrophages
  A hound (D:4)
  A gnoll shaman (D:4)
  An orc priest (D:4)
  An iguana (D:4)
  Robin (D:3)
  6 gnolls
  5 adders
  2 white imps (D:5)
  An ufetubus (D:5)
  4 worms
  A dart slug (D:1)
  8 orcs
  A giant cockroach (D:1)
  11 goblins
  4 hobgoblins
  11 jackals
  5 kobolds
  2 quokkas
  2 ball pythons (D:1)
  A bat (D:1)
78 creatures vanquished.

Grand Total: 130 creatures vanquished

Notes
Turn   | Place    | Note
-------+----------+-------------------------------------------
     0 | D:1      | trckry the Tengu Summoner began the quest for the Orb.
     0 | D:1      | Reached XP level 1. HP: 10/10 MP: 4/4
   190 | D:1      | Reached skill level 5 in Summonings
   212 | D:1      | Reached XP level 2. HP: 15/15 MP: 6/6
   527 | D:1      | Reached XP level 3. HP: 18/19 MP: 4/7
   839 | D:1      | Learned a level 2 spell: Call Imp
   843 | D:1      | Learned a level 3 spell: Call Canine Familiar
  1171 | D:1      | Found a faded altar of an unknown god.
  1246 | D:1      | Reached skill level 6 in Summonings
  1776 | D:2      | Reached XP level 4. HP: 24/24 MP: 6/9
  2380 | D:3      | Gained mutation: Your magical nature lets you fly swiftly
                  | and evasively. [Tengu growth]
  2380 | D:3      | Reached XP level 5. HP: 5/28 MP: 6/10
  2413 | D:3      | Noticed Robin
  2415 | D:3      | HP: 4/28 [goblin/dagger[Robin] (1)]
  2431 | D:3      | HP: 3/28 [Robin/goblin (2)]
  2773 | D:3      | Killed Robin
  2774 | D:3      | Reached skill level 7 in Summonings
  2927 | D:3      | Noticed Sigmund
  2944 | D:3      | Killed Sigmund
  2945 | D:3      | Reached XP level 6. HP: 32/32 MP: 4/12
  3024 | D:3      | Reached skill level 8 in Summonings
  3966 | D:4      | Noticed a black bear
  4054 | D:4      | Killed a black bear
  4055 | D:4      | Reached XP level 7. HP: 10/36 MP: 0/14
  4340 | D:4      | Found a hide-covered altar of Uskayaw.
  4443 | D:4      | Reached skill level 9 in Summonings
  4798 | D:4      | Found an iron altar of Okawaru.
  5044 | D:4      | Learned a level 4 spell: Summon Lightning Spire
  5070 | D:5      | Entered Level 5 of the Dungeon
  5150 | D:5      | Reached skill level 1 in Air Magic
  5298 | D:5      | Noticed Pikel
  5335 | D:5      | Reached skill level 5 in Spellcasting
  5335 | D:5      | Reached XP level 8. HP: 19/41 MP: 5/16
  5693 | D:5      | Reached skill level 10 in Summonings
  5888 | D:5      | Noticed Prince Ribbit
  5921 | D:5      | Killed Prince Ribbit
  6402 | D:5      | Noticed Grinder
  6424 | D:5      | Killed Grinder
  6425 | D:5      | Reached skill level 11 in Summonings
  6501 | D:5      | Noticed Ijyb
  6509 | D:5      | Killed from afar by Ijyb

Illustrated notes

Levels and vault maps discovered:
D:1:      dpeg_arrival_refuge, layout_basic,
          chequers_ecumenical_altar_simple_redux
D:2:      layout_basic
D:3:      layout_basic, grunt_ministairs_9, minivault_25, uniq_sigmund,
          uniq_robin
D:4:      layout_basic, okawaru_gym_becter,
          nicolae_uskayaw_murder_on_the_dancefloor,
          corexii_item_surrounded_by_moat
D:5:      layout_basic, uniq_grinder, uniq_prince_ribbit1, uniq_pikel, uniq_ijyb

Skill      XL: |  1  2  3  4  5  6  7  8 |
---------------+-------------------------+-----
Summonings     | 5 6 7 8 9 11 | 11.0
Spellcasting   | 3 4 5 |  5.6
Air Magic      | 1 4 |  4.0
Dodging        | |  2.1
Stealth        | |  2.0

Action                   |  1- 3 |  4- 6 |  7- 9 || total
-------------------------+-------+-------+-------++-------
Melee: Short sword       |    26 |       |       ||    26
       Rapier            |    22 |    51 |    33 ||   106
       Peck              |    13 |     6 |    13 ||    32
       Kick              |     9 |    16 |    13 ||    38
       Punch             |     1 |       |     1 ||     2
 Cast: Summon Small Mamm |    28 |     1 |       ||    29
       Call Imp          |     2 |     3 |     5 ||    10
       Call Canine Famil |     1 |    17 |    28 ||    46
       Summon Lightning  |       |       |     2 ||     2
 Stab: Sleeping          |     3 |     4 |       ||     7
       Distracted        |     1 |     1 |       ||     2
Armor: Robe              |    17 |     7 |     3 ||    27
Dodge: Dodged            |    58 |    29 |    34 ||   121

Table legend: (Time is in decaauts)
 A = Elapsed time spent in this place.
 B = Non-inter-level travel time spent in this place.
 C = Inter-level travel time spent in this place.
 D = Time resting spent in this place.
 E = Time spent auto-exploring this place.
 F = Levels seen in this place.
 G = Mean time per level.
                   A        B        C        D        E       F      G
               +--------+--------+--------+--------+--------+-----+--------+
         Total |   6351 |   6235 |    116 |    510 |   4315 |   5 | 1270.2 |
       Dungeon |   6351 |   6235 |    116 |    510 |   4315 |   5 | 1270.2 |
               +--------+--------+--------+--------+--------+-----+--------+

Top non-repeatable levels by time:
     D:4: 1739 daAuts
     D:1: 1635 daAuts
     D:5: 1131 daAuts
     D:2: 991 daAuts
     D:3: 853 daAuts
